 Dungeon Crawl Stone Soup version 0.22.0-75-g3901e79 (webtiles) character file.

35077 Malog the Thaumaturge (level 13, -3/83 HPs)
             Began as an Octopode Wizard on Sept 13, 2018.
             Was a High Priest of Sif Muna.
             Slain by an entropy weaver (7 damage)
             ... on level 5 of the Lair of Beasts.
             The game lasted 01:35:27 (24288 turns).

Malog the Thaumaturge (Octopode Wizard)            Turns: 24288, Time: 01:35:28

Health: -3/83      AC:  5    Str: 10    XL:     13   Next: 81%
Magic:  0/39       EV:  8    Int: 34    God:    Sif Muna [*****.]
Gold:   1194       SH:  0    Dex:  6    Spells: 3/33 levels left

rFire    . . .     SeeInvis .   H - +12 spear of Disembowelment {flame, MR++ Str+4 Int+4 Dex-4}
rCold    . . .     Gourm    .   (no shield)
rNeg     . . .     Faith    .   a - +2 hat
rPois    .         Spirit   +   F - amulet of guardian spirit
rElec    .         Reflect  .   o - ring of resist corrosion
rCorr    +         Harm     .   p - ring of magical power
MR       ++...                  e - +4 ring of intelligence
Stlth    +++.......             (no ring)
HPRegen  0.23/turn              (no ring)
MPRegen  0.26/turn              (no ring)
                                (no ring)
                                (no ring)

@: about to teleport, held, divine energy
A: almost no armour, stealthy swim, amphibious, 8 rings, constrict 8, iridescent
scales 1, camouflage 1, high mp 1, sense surroundings 1, gelatinous body 1
a: Stop Divine Energy, Channel Magic, Forget Spell, Renounce Religion


You were on level 5 of the Lair of Beasts.
You worshipped Sif Muna.
Sif Muna was extremely pleased with you.
You were hungry.

You visited 4 branches of the dungeon, and saw 20 of its levels.

You collected 1194 gold pieces.

Inventory:

Hand Weapons
 u - the +5 flail "Sarcophage" {speed, rPois rN+ Dex+2}
   (You found it on level 10 of the Dungeon)

   Attacks with this weapon are significantly faster.
   It affects your dexterity (+2).
   It protects you from poison.
   It protects you from negative energy.
 H - the +12 spear of Disembowelment (weapon) {flame, MR++ Str+4 Int+4 Dex-4}
   (You found it on level 5 of the Lair of Beasts)

   It has been specially enchanted to burn those struck by it, causing extra
   injury to most foes and up to half again as much damage against particularly
   susceptible opponents.
   It affects your strength (+4).
   It affects your intelligence (+4).
   It affects your dexterity (-4).
   It affects your resistance to hostile enchantments.
Armour
 a - a +2 hat (worn)
 D - a +3 shield of positive energy
Magical Staves
 h - an uncursed staff of conjuration
Jewellery
 e - a +4 ring of intelligence (on tentacle)
 o - a ring of resist corrosion (left tentacle)
 p - a ring of magical power (right tentacle)
 F - an amulet of guardian spirit (around mantle)
Wands
 j - a wand of paralysis (26)
 r - a wand of digging (19)
 w - a wand of clouds (1)
 A - a wand of flame (26)
Scrolls
 b - 4 scrolls of teleportation
 d - 20 scrolls of identify
 f - 3 scrolls of enchant weapon
 i - a scroll of immolation
 l - a scroll of amnesia
 m - 5 scrolls of remove curse
 n - 3 scrolls of magic mapping
 q - 2 scrolls of enchant armour
Potions
 g - 8 potions of curing
 k - 3 potions of flight
 s - a potion of berserk rage
 t - a potion of magic
 v - 2 potions of brilliance
 x - a potion of mutation
 z - a potion of haste
 B - 2 potions of invisibility
Comestibles
 c - 14 rations


   Skills:
 - Level 6.0 Fighting
 - Level 10.6 Dodging
 - Level 2.6 Stealth
 + Level 8.3 Shields
 - Level 10.7 Spellcasting
 - Level 10.3 Conjurations
 - Level 4.8 Summonings
 - Level 4.0 Translocations
 - Level 8.5 Fire Magic


You had 3 spell levels left.
You knew the following spells:

 Your Spells              Type           Power        Failure   Level  Hunger
a - Magic Dart            Conj           ####         1%          1    None
b - Blink                 Tloc           N/A          1%          2    None
c - Call Imp              Summ           ######..     1%          2    None
d - Conjure Flame         Conj/Fire      ######..     1%          3    None
e - Mephitic Cloud        Conj/Pois/Air  #####...     1%          3    None
f - Dazzling Spray        Conj/Hex       ######       1%          3    None
g - Fireball              Conj/Fire      ######....   1%          5    ##.....
h - Sticky Flame          Conj/Fire      ######..     1%          4    None
i - Inner Flame           Hex/Fire       #####...     1%          3    None
j - Passage of Golubria   Tloc           N/A          4%          4    None

Your spell library contained the following spells:

 Spells                   Type           Power        Failure   Level  Hunger
 Flame Tongue             Conj/Fire      #####        1%          1    None
 Shroud of Golubria       Chrm/Tloc      ####......   1%          2    None
 Throw Flame              Conj/Fire      ######       1%          2    None
 Gell's Gravitas          Tloc           #####.....   1%          3    None
 Lesser Beckoning         Tloc           #####.....   1%          3    None
 Stone Arrow              Conj/Erth      ######       1%          3    None
 Teleport Other           Tloc           #####...     1%          3    None
 Corona                   Hex            ###....      2%          1    None
 Ensorcelled Hibernation  Hex/Ice        ###...       3%          2    None
 Slow                     Hex            ###.....     3%          2    None
 Confuse                  Hex            ###.....     8%          3    None
 Tukima's Dance           Hex            ###.....     8%          3    None
 Iskenderun's Battlesphe  Conj/Chrm      ######..     9%          5    ##.....
 Conjure Ball Lightning   Conj/Air       ######....   41%         6    ####...
 Shadow Creatures         Summ           N/A          45%         6    ####...
 Borgnjor's Vile Clutch   Necr/Erth      ###.......   56%         5    ##.....
 Silence                  Hex/Air        ###.......   56%         5    ##.....
 Darkness                 Hex            ###.......   98%         6    ####...


Dungeon Overview and Level Annotations

Branches:
Dungeon (13/15)            Temple (1/1) D:6            Lair (5/6) D:9
  Swamp (0/4) Lair:2        Snake (0/4) Lair:2        Slime (0/5) Lair:5
    Orc (1/2) D:10
 Vaults: D:13-14

Altars:
Ashenzari
Cheibriados
Dithmenos
Elyvilon
Fedhas
Gozag
Hepliaklqana
Kikubaaqudgha
Makhleb
Nemelex Xobeh
Okawaru
Qazlal
Ru
Sif Muna
Trog
Uskayaw
Vehumet
Wu Jian
Xom
Yredelemnul
Zin
The Shining One
Jiyva

Shops:
D:8 %   D:11 (

Annotations:
D:7 exclusion: oklob plant
Lair:2 exclusion: downstairs


Innate Abilities, Weirdness & Mutations

You cannot wear most types of armour.
You are very stealthy in the water. (Stealth+)
You are amphibious.
You can wear up to eight rings at the same time.
You can use your tentacles to constrict eight enemies at once.
Your skin changes colour to match your surroundings (Stealth+).
Your rubbery body absorbs attacks. (AC +1, EV +1)
You are partially covered in iridescent scales. (AC +2)
You have an increased reservoir of magic. (+10% MP)
You passively map a small area around you.


Message History

Okay, then.
As you read the scroll of teleportation, it crumbles to dust.
You feel strangely unstable. The entropy weaver hits you! x2
The entropy weaver hits you. The entropy weaver hits you!
Unknown command.
Unknown command.
You feel much better. The entropy weaver hits you. x2
The entropy weaver hits you! x2
* * * LOW HITPOINT WARNING * * *
Unknown command.
Unknown command.
Okay, then.
Casting: Fireball (safe; 1% risk of failure)
Confirm with . or Enter, or press ? or * to list all spells.
Okay, then.
Unknown command.
You tear a large gash into the net.
The entropy weaver hits you!
* * * LOW HITPOINT WARNING * * *
The entropy weaver closely misses you. The entropy weaver hits you!
You die...

......+...#.......#
...†.....#........#
......#P###...+...#
......### #....#P##
.†.#...##*#....#####
.......##.#...##...#
.>..<..#...........##
._.....+.P.....a....#
................@..##
....<..P...........#
......P.P..........##
..............# *
.###......P...# *
#...#.#P...#
########...# **
###.....## #........#


You could see an entropy weaver.

Vanquished Creatures
  An entropy weaver (Lair:5)
  Nessos (D:12)
  Josephine (D:12)
  Harold (D:10)
  7 hydras
  3 two-headed ogres (D:12)
  A tengu warrior (D:12)
  A deep elf mage (D:13)
  5 oklob plants
  A manticore (D:13)
  An ugly thing (D:8)
  4 elephants (Lair:4)
  7 spiny frogs
  A rime drake (Lair:2)
  3 komodo dragons
  2 trolls
  A hornet (D:10)
  3 hippogriffs
  4 dream sheep (Lair:5)
  22 blink frogs
  14 yaks
  5 wraiths (D:12)
  2 hungry ghosts
  A steam dragon (D:12)
  A basilisk (Lair:2)
  3 nagas (Lair:2)
  4 water moccasins
  2 sky beasts
  5 porcupines
  A black bear (D:5)
  2 phantoms
  5 orc warriors
  3 ice beasts
  8 centaurs
  5 ogres
  4 crocodiles
  A big kobold (D:11)
  A gnoll sergeant (D:4)
  16 bullfrogs
  2 wyvern zombies
  A water moccasin skeleton (D:9)
  4 killer bees
  A howler monkey (D:4)
  5 wights (D:9)
  6 electric eels
  2 crimson imps
  2 bullfrog zombies
  A quasit (D:13)
  3 hounds
  8 jellies
  2 centaur zombies
  5 orc priests
  3 bullfrog skeletons
  A centaur skeleton (D:5)
  5 orc wizards
  Jessica (D:3)
  2 iguanas
  6 worker ants
  A hound zombie (D:6)
  7 adders
  7 gnolls
  3 shadow imps
  7 oozes
  An adder skeleton (D:8)
  2 worms
  4 dart slugs
  4 leopard geckos
  24 orcs
  2 ball pythons
  7 giant cockroaches
  9 hobgoblins
  9 jackals
  9 kobolds
  5 quokkas
  9 bats
  A frilled lizard (D:5)
  3 goblins
  A quokka zombie (D:9)
  8 rats
  3 plants
339 creatures vanquished.

Vanquished Creatures (collateral kills)
  A spiny frog (Lair:4)
  A troll (D:9)
  A blink frog (Lair:2)
  2 yaks (D:9)
  A porcupine (Lair:1)
  A water moccasin (Lair:4)
  2 ice beasts
  4 sky beasts
  An ogre (D:6)
  A centaur (D:7)
  A crocodile (D:10)
  4 bullfrogs
  2 killer bees (D:10)
  2 howler monkeys
  An electric eel (D:10)
  A centaur zombie (D:7)
  A quasit (D:5)
  An orc wizard (D:11)
  2 orc priests
  3 worker ants
  Natasha (twice) (D:2)
  An iguana (D:4)
  5 gnolls
  6 adders
  An ooze (D:7)
  A worm (D:2)
  A dart slug (D:4)
  2 leopard geckos
  10 orcs
  9 giant cockroaches
  A hobgoblin (D:3)
  4 jackals (D:3)
  A frilled lizard (D:3)
  2 goblins (D:3)
  A jackal zombie (D:6)
  2 kobolds
  A rat (D:3)
83 creatures vanquished.

Vanquished Creatures (others)
  A centaur simulacrum (D:13)
  11 fungi
  14 plants
26 creatures vanquished.

Grand Total: 448 creatures vanquished

Notes
Turn   | Place    | Note
-------+----------+-------------------------------------------
     0 | D:1      | Malog the Octopode Wizard began the quest for the Orb.
     0 | D:1      | Reached XP level 1. HP: 11/11 MP: 4/4
   275 | D:1      | Reached XP level 2. HP: 15/17 MP: 0/6
   515 | D:1      | Reached XP level 3. HP: 21/21 MP: 4/7
   519 | D:1      | Learned a level 2 spell: Blink
   522 | D:1      | Learned a level 2 spell: Call Imp
   526 | D:1      | Learned a level 3 spell: Conjure Flame
   942 | D:2      | Found a glowing golden altar of the Shining One.
  1161 | D:2      | Noticed Natasha
  1168 | D:2      | Killed Natasha
  1168 | D:2      | Reached XP level 4. HP: 27/27 MP: 0/9
  1169 | D:2      | Noticed Natasha
  1176 | D:2      | Killed Natasha
  1868 | D:3      | Found a sparkling altar of Nemelex Xobeh.
  2128 | D:3      | Reached XP level 5. HP: 21/31 MP: 11/11
  2138 | D:3      | Learned a level 3 spell: Mephitic Cloud
  2662 | D:3      | Noticed Jessica
  2680 | D:3      | Killed Jessica
  3100 | D:4      | Reached XP level 6. HP: 36/36 MP: 11/13
  3564 | D:4      | Reached skill level 5 in Spellcasting
  4407 | D:5      | Entered Level 5 of the Dungeon
  4428 | D:5      | Reached XP level 7. HP: 37/41 MP: 8/15
  4431 | D:5      | Reached skill level 5 in Conjurations
  4483 | D:5      | Found an iron altar of Okawaru.
  4483 | D:5      | Found a shattered altar of Ashenzari.
  4484 | D:5      | Found a hide-covered altar of Uskayaw.
  5539 | D:5      | Found a shimmering altar of Xom.
  5540 | D:5      | Found a deep blue altar of Sif Muna.
  6015 | D:6      | Reached XP level 8. HP: 46/46 MP: 3/17
  6678 | D:6      | Found a staircase to the Ecumenical Temple.
  6694 | Temple   | Entered the Ecumenical Temple
  7779 | D:5      | Became a worshipper of Sif Muna the Loreminder
  7861 | D:7      | Found a snail-covered altar of Cheibriados.
  8017 | D:7      | Reached skill level 1 in Fighting
  8082 | D:7      | Found an ornate altar of the Wu Jian Council.
  8146 | D:7      | Reached XP level 9. HP: 42/55 MP: 7/20
  8294 | D:7      | Noticed an oklob plant
  8801 | D:7      | Found a burning altar of Makhleb.
  9284 | D:8      | Noticed a white ugly thing
  9292 | D:8      | Killed a white ugly thing
  9292 | D:8      | Reached skill level 5 in Fighting
  9292 | D:8      | Reached skill level 5 in Dodging
  9617 | D:8      | Found Zeicvaoh's Food Shoppe.
 10123 | D:9      | Reached * piety under Sif Muna
 10200 | D:9      | Reached XP level 10. HP: 68/68 MP: 4/21
 10474 | D:9      | Found a staircase to the Lair.
 11927 | D:9      | Found a bloodstained altar of Trog.
 12035 | D:10     | Entered Level 10 of the Dungeon
 12052 | D:10     | Got a dazzling flail
 12053 | D:10     | Identified the +5 flail "Sarcophage" {speed, rPois rN+
                  | Dex+2} (You found it on level 10 of the Dungeon)
 12103 | D:10     | Reached ** piety under Sif Muna
 12408 | Lair:1   | Entered Level 1 of the Lair of Beasts
 12777 | Lair:1   | Learned a level 3 spell: Dazzling Spray
 13203 | Lair:1   | Noticed a spiny frog
 13214 | Lair:1   | Killed a spiny frog
 13371 | Lair:1   | Noticed a spiny frog
 13407 | Lair:1   | Killed a spiny frog
 13607 | Lair:2   | Found a staircase to the Swamp.
 13608 | Lair:2   | Found the +3 sling "Punk" {acid, rCorr}
 14094 | Lair:2   | Reached XP level 11. HP: 72/72 MP: 20/23
 14418 | Lair:2   | Noticed a six-headed hydra
 14427 | Lair:2   | Killed a six-headed hydra
 15005 | Lair:2   | Noticed an oklob plant
 15005 | Lair:2   | Noticed an oklob plant
 15005 | Lair:2   | Noticed an oklob plant
 15005 | Lair:2   | Noticed an oklob plant
 15270 | Lair:2   | Reached *** piety under Sif Muna
 15307 | Lair:2   | Found a staircase to the Snake Pit.
 15579 | Lair:3   | Got a scorched dagger
 15580 | Lair:3   | Identified the cursed +3 dagger "Leviticus" {freeze, rN++
                  | MR- Int+4} (You found it on level 3 of the Lair of Beasts)
 16666 | D:10     | Reached skill level 10 in Dodging
 16834 | D:10     | Noticed Harold
 16867 | D:10     | Killed Harold
 17028 | D:10     | Found a staircase to the Orcish Mines.
 17755 | D:11     | Found a labyrinth entrance.
 17873 | D:11     | Found Rocs's Weapon Shop.
 17889 | D:11     | Noticed a seven-headed hydra
 18179 | D:10     | Gained mutation: Potions are less effective at restoring
                  | your health. [potion of mutation]
 18179 | D:10     | Gained mutation: You expend magic power (3 MP) to
                  | strengthen your wands. [potion of mutation]
 18179 | D:10     | Gained mutation: One of your tentacles bears a spike.
                  | [potion of mutation]
 18180 | D:10     | Lost mutation: You expend magic power (3 MP) to strengthen
                  | your wands. [potion of mutation]
 18180 | D:10     | Lost mutation: Potions are less effective at restoring your
                  | health. [potion of mutation]
 18180 | D:10     | Lost mutation: One of your tentacles bears a spike. [potion
                  | of mutation]
 18180 | D:10     | Gained mutation: You are covered in fur. (AC +1) [potion of
                  | mutation]
 18180 | D:10     | Gained mutation: You are partially covered in iridescent
                  | scales. (AC +2) [potion of mutation]
 18209 | D:11     | Reached **** piety under Sif Muna
 18260 | D:11     | Got a bone falchion {protect}
 18261 | D:11     | Identified the +6 falchion "Ejutaon" {protect, Int+3 Dex-5}
                  | (You took it off a big kobold on level 11 of the Dungeon)
 18312 | D:11     | Killed a seven-headed hydra
 18312 | D:11     | Reached XP level 12. HP: 79/79 MP: 10/25
 18570 | D:12     | Reached skill level 10 in Conjurations
 18819 | D:12     | Learned a level 5 spell: Fireball
 18824 | D:12     | Learned a level 4 spell: Sticky Flame
 18828 | D:12     | Learned a level 3 spell: Inner Flame
 18834 | D:12     | Noticed a two-headed ogre
 18846 | D:12     | Killed a two-headed ogre
 19201 | D:12     | Noticed a two-headed ogre
 19207 | D:12     | Killed a two-headed ogre
 19329 | D:12     | Noticed a tengu warrior
 19340 | D:12     | Killed a tengu warrior
 19362 | D:12     | Noticed a two-headed ogre
 19362 | D:12     | Noticed an eight-headed hydra
 19368 | D:12     | Noticed Nessos
 19370 | D:12     | Killed a two-headed ogre
 19370 | D:12     | Reached skill level 1 in Shields
 19370 | D:12     | Reached skill level 5 in Fire Magic
 19373 | D:12     | Killed an eight-headed hydra
 19379 | D:12     | Killed Nessos
 19643 | D:12     | Noticed Josephine
 19657 | D:12     | Killed Josephine
 20129 | D:12     | Learned a level 4 spell: Passage of Golubria
 20176 | D:12     | Reached ***** piety under Sif Muna
 20427 | D:13     | Identified Sif Muna's Guide on Confrontation (Sif Muna
                  | gifted it to you on level 13 of the Dungeon)
 20427 | D:13     | Received a gift from Sif Muna
 20721 | D:13     | Noticed a seven-headed hydra
 20728 | D:13     | Noticed a four-headed hydra
 20732 | D:13     | Killed a four-headed hydra
 20737 | D:13     | Killed a seven-headed hydra
 20737 | D:13     | Reached skill level 5 in Shields
 20890 | D:13     | Noticed a seven-headed hydra
 20896 | D:13     | Killed a seven-headed hydra
 20896 | D:13     | Reached skill level 10 in Spellcasting
 20896 | D:13     | Reached XP level 13. HP: 83/83 MP: 14/27
 21380 | Orc:1    | Entered Level 1 of the Orcish Mines
 21872 | Lair:2   | Lost mutation: You are covered in fur. (AC +1) [potion of
                  | mutation]
 21872 | Lair:2   | Gained mutation: You passively map a small area around you.
                  | [potion of mutation]
 21872 | Lair:2   | Gained mutation: You have an increased reservoir of magic.
                  | (+10% MP) [potion of mutation]
 21959 | Lair:4   | Found a blossoming altar of Fedhas.
 23708 | Lair:5   | Got a shimmering spear
 23709 | Lair:5   | Identified the +12 spear of Disembowelment {flame, MR++
                  | Str+4 Int+4 Dex-4} (You found it on level 5 of the Lair of
                  | Beasts)
 23916 | Lair:5   | Noticed an entropy weaver
 23920 | Lair:5   | Killed an entropy weaver
 24146 | Lair:5   | Found a viscous altar of Jiyva.
 24159 | Lair:5   | Found a staircase to the Slime Pits.
 24199 | Lair:5   | Noticed an entropy weaver
 24288 | Lair:5   | HP: 4/83 [entropy weaver (11)]
 24288 | Lair:5   | Slain by an entropy weaver

Skill      XL: |  1  2  3  4  5  6  7  8  9 10 11 12 13 |
---------------+----------------------------------------+-----
Conjurations   | 2 3 4 6 7 8 9 10 | 10.3
Spellcasting   | 4 5 6 7 8 9 10 | 10.7
Fighting       | 2 6 |  6.0
Dodging        | 3 6 8 10 | 10.6
Summonings     | 2 4 |  4.8
Fire Magic     | 7 8 |  8.5
Shields        | 5 8 |  8.3
Translocations | 3 4 |  4.0
Stealth        | |  2.6

Action                   |  1- 3 |  4- 6 |  7- 9 | 10-12 | 13-15 || total
-------------------------+-------+-------+-------+-------+-------++-------
Melee: Unarmed           |    18 |     5 |   128 |    60 |       ||   211
       Constrict         |    12 |    23 |    21 |    25 |     4 ||    85
       Tentacles         |     8 |     9 |    22 |    38 |     2 ||    79
       Mace              |    23 |    92 |       |       |       ||   115
       Flail             |       |       |       |   165 |       ||   165
       Staff             |       |       |       |       |    11 ||    11
       Spear             |       |       |       |       |     9 ||     9
 Cast: Magic Dart        |    45 |    15 |   245 |   265 |    59 ||   629
       Call Imp          |     6 |    62 |   108 |   132 |       ||   308
       Conjure Flame     |       |     1 |     7 |    22 |       ||    30
       Mephitic Cloud    |       |     2 |    25 |    77 |       ||   104
       Blink             |       |       |    10 |    15 |       ||    25
       Dazzling Spray    |       |       |       |    80 |     1 ||    81
       Fireball          |       |       |       |    53 |    71 ||   124
       Sticky Flame      |       |       |       |     5 |    16 ||    21
       Passage of Golubr |       |       |       |       |     5 ||     5
Invok: Divine Energy     |       |       |       |     2 |       ||     2
       Stop Divine Energ |       |       |       |     1 |       ||     1
Evoke: Wand              |       |     5 |     4 |    34 |     2 ||    45
  Use: Scroll            |       |    13 |     3 |     7 |     4 ||    27
       Potion            |       |     4 |     3 |    10 |     3 ||    20
 Stab: Sleeping          |     2 |     7 |     1 |     2 |       ||    12
       Confused          |       |       |     3 |    10 |       ||    13
       Paralysed         |       |       |       |    17 |       ||    17
       Invisible         |       |       |       |     5 |       ||     5
       Distracted        |       |       |       |     1 |       ||     1
  Eat: Chunk             |     1 |    10 |     7 |    27 |    12 ||    57
       Ration            |       |       |     3 |     4 |     1 ||     8
Armor: Skin              |     7 |    19 |    43 |    16 |     5 ||    90
Dodge: Dodged            |    35 |   115 |   153 |   230 |    32 ||   565
